 Dungeon Crawl Stone Soup version 0.26-a0-1129-gc5df7fbe6a (webtiles) character file.

Game seed: 13728575566603903501

56 sahdkjhfkaj the Ruffian (level 3, -1/37 HPs)
             Began as a Troll Berserker on Dec 19, 2020.
             Was a Believer of Trog.
             Slain by a goblin (4 damage)
             ... led by Robin
             ... on level 2 of the Dungeon.
             The game lasted 00:01:24 (784 turns).

sahdkjhfkaj the Ruffian (Troll Berserker)            Turns: 784, Time: 00:01:24

Health: -1/37      AC:  6    Str: 25    XL:     3   Next: 69%
Magic:  2/2        EV: 10    Int:  3    God:    Trog [**....]
Gold:   68         SH:  0    Dex: 10    Spells: 2/2 levels left

rFire    . . .     SeeInvis .     - Unarmed
rCold    . . .     Faith    .   (no shield)
rNeg     . . .     Spirit   .   a - +0 animal skin
rPois    .         Reflect  .   (helmet restricted)
rElec    .         Harm     .   (no cloak)
rCorr    .         Rampage  .   (gloves unavailable)
Will     .....                  (boots unavailable)
Stlth    +.........             (no amulet)
HPRegen  0.52/turn              (no ring)
MPRegen  0.08/turn              (no ring)

@: no status effects
A: large, unfitting armour, claws 3, regeneration 1, shaggy fur 1, tough skin 3
a: Renounce Religion, Berserk, Trog's Hand


You were on level 2 of the Dungeon.
You worshipped Trog.
Trog was pleased with you.
You visited 1 branch of the dungeon, and saw 2 of its levels.

You collected 68 gold pieces.

Inventory:

Armour
 a - a +0 animal skin (worn)
Scrolls
 d - a scroll of remove curse
Potions
 c - a potion of resistance {unknown}
 e - a potion of berserk rage {unknown}
 f - a potion of curing {unknown}


   Skills:
 * Level 3.4 Fighting
 - Level 2.4 Dodging
 + Level 3.6 Unarmed Combat


You had 2 spell levels left.
You didn't know any spells.
Your spell library was empty.

Dungeon Overview and Level Annotations

Branches:
Dungeon (2/15)

Altars:
Vehumet

Annotations:
D:2 Robin


Innate Abilities, Weirdness & Mutations

You are too large for most types of armour.
You have claws for hands.
Your natural rate of healing is unusually fast.
You are covered in fur. (AC +1)
You have extremely tough skin. (AC +3)


Message History

The goblin no longer looks unusually strong. x2
The goblin hits you but does no damage. The goblin hits you.
* * * LOW HITPOINT WARNING * * *
The leopard gecko closely misses you. The goblin hits you.
* * * LOW HITPOINT WARNING * * *
You claw the goblin!
You kill the goblin!
Trog accepts your kill.
The goblin no longer looks unusually strong.
The goblin hits you but does no damage.
The leopard gecko bites you but does no damage.
The goblin hits you.
* * * LOW HITPOINT WARNING * * *
The goblin hits you.
* * * LOW HITPOINT WARNING * * *
Robin throws the goblin at you!
You closely miss the goblin.
The goblin no longer looks unusually strong. x2
The goblin hits you.
You die...

... #.g .# ##..# #g. ## .. ...#
#.# ..##. ####..### #.#
#....##........ ######.#####
#.#..†.##.# ..
#..........###g####.#..# #.
#.....().g.##gl####...#########
#....)(....ggg@g...............
#.........g..gg#####.##.########
#..#...#.(...### #..##...## ###
. ##.###.#### #.#####..###.. #..
#..# ## #####.....# ..._....#
..........## ..#...#...
#########..# ?###.###.. ##.. ..
...# ###


You could see Robin, a leopard gecko and 9 goblins.

Vanquished Creatures
  3 adders (D:2)
  A worm (D:2)
  A dart slug (D:2)
  A leopard gecko (D:1)
  A giant cockroach (D:1)
  4 goblins
  A hobgoblin (D:2)
  2 jackals (D:1)
  A quokka (D:2)
  3 bats (D:1)
  4 kobolds (D:1)
  2 rats
24 creatures vanquished.

Notes
Turn   | Place    | Note
-------+----------+-------------------------------------------
     0 | D:1      | sahdkjhfkaj the Troll Berserker began the quest for the
                  | Orb.
     0 | D:1      | Reached XP level 1. HP: 22/22 MP: 0/0
   175 | D:1      | Reached XP level 2. HP: 29/29 MP: 1/1
   670 | D:2      | Reached XP level 3. HP: 37/37 MP: 2/2
   680 | D:2      | Reached ** piety under Trog
   763 | D:2      | Found a radiant altar of Vehumet.
   765 | D:2      | Noticed Robin
   784 | D:2      | Slain by a goblin

Illustrated notes

Levels and vault maps discovered:
D:1:      minmay_arrival_solitary_statue, layout_loops_ring
D:2:      layout_rooms, vehumet_crystals, kennysheep_generic_room_11, uniq_robin

Skill      XL: |  1  2 |
---------------+-------+-----
Fighting       | 3 |  3.4
Dodging        | |  2.4
Unarmed Combat | |  3.6

Action                   || total
-------------------------++-------
Melee: Unarmed           ||    82
       Punch             ||     3
  Use: Scroll            ||     3
Armor: Animal skin       ||    48
Dodge: Dodged            ||    43

Table legend: (Time is in decaauts)
 A = Elapsed time spent in this place.
 B = Non-inter-level travel time spent in this place.
 C = Inter-level travel time spent in this place.
 D = Time resting spent in this place.
 E = Time spent auto-exploring this place.
 F = Levels seen in this place.
 G = Mean time per level.
                   A        B        C        D        E       F      G
               +--------+--------+--------+--------+--------+-----+--------+
         Total |    778 |    753 |     25 |      0 |    580 |   2 |  389.0 |
       Dungeon |    778 |    753 |     25 |      0 |    580 |   2 |  389.0 |
               +--------+--------+--------+--------+--------+-----+--------+

Top non-repeatable levels by time:
     D:1: 633 daAuts
     D:2: 145 daAuts
